 Dungeon Crawl Stone Soup version 0.24-a0-537-g2d01d4ab0a (webtiles) character file.

Game seed: 15551054613232212702

72155 Allula97 the Fighter (level 15, -11/134 HPs)
             Began as a Demonspawn Fighter on Aug 14, 2019.
             Was the Champion of Okawaru.
             Mangled by a shambling mangrove (15 damage)
             ... on level 3 of the Swamp on Nov 11, 2020.
             The game lasted 02:06:08 (22243 turns).

Allula97 the Fighter (Demonspawn Fighter)          Turns: 22243, Time: 02:06:09

Health: -11/134    AC: 20    Str: 18    XL:     15   Next: 0%
Magic:  0/23       EV: 25    Int: 10    God:    Okawaru [******]
Gold:   1417       SH: 15    Dex: 20    Spells: 16/17 levels left

rFire    + . .     SeeInvis +   i - +9 scimitar of Tezul {slice, rPois rF+}
rCold    . . .     Gourm    +   c - +0 shield
rNeg     . . .     Faith    .   L - +2 troll leather armour
rPois    +         Spirit   +   B - +1 hat {SInv}
rElec    +         Reflect  .   F - +1 cloak
rCorr    .         Harm     .   v - +2 pair of gloves {Dex+3}
MR       +....                  (boots unavailable)
Stlth    ++++++....             X - amulet of the gourmand
HPRegen  0.72/turn              s - +1 ring of protection
MPRegen  0.36/turn              A - +5 ring of evasion

@: heroism, finesse, grasped by roots, constricted
A: claws 1, horns 1, talons 3, thin metallic scales 3, demonic guardian 1,
robust 1, evolution 1, magic shield, magic regeneration
a: Heroism, Finesse, Renounce Religion


You were on level 3 of the Swamp.
You worshipped Okawaru.
Okawaru was exalted by your worship.
You were very full.

You visited 4 branches of the dungeon, and saw 21 of its levels.

You collected 2163 gold pieces.
You spent 746 gold pieces at shops.

Inventory:

Hand Weapons
 b - a +0 shortbow of velocity
 i - the +9 scimitar of Tezul (weapon) {slice, rPois rF+}
   (Okawaru gifted it to you on level 10 of the Dungeon)

   It inflicts extra damage upon your enemies.
   It protects you from fire.
   It protects you from poison.
 V - a +7 demon blade of draining
Missiles
 a - 12 boomerangs
 I - a throwing net
 M - 6 silver javelins
 P - 15 curare-tipped darts (quivered)
 W - 83 arrows
Armour
 c - a +0 shield (worn)
 m - the +1 plate armour "Vaobleon" {Int+3 Dex+5}
   (Okawaru gifted it to you on level 1 of the Swamp)

   It affects your intelligence (+3).
   It affects your dexterity (+5).
 v - a +2 pair of gloves of dexterity (worn)
 B - a +1 hat of see invisible (worn)
 C - a +2 pair of boots of running
 F - a +1 cloak (worn)
 L - a +2 troll leather armour (worn)
 Y - the +1 chain mail of Okawaru's Fury {rN++ Str+6 Int-3}
   (Okawaru gifted it to you on level 5 of the Lair of Beasts)

   It affects your strength (+6).
   It affects your intelligence (-3).
   It greatly protects you from negative energy.
Magical Staves
 o - an uncursed staff of air {unknown}
Jewellery
 s - a +1 ring of protection (left hand)
 t - an uncursed ring of stealth
 x - an uncursed ring of wizardry
 A - a +5 ring of evasion (right hand)
 G - an uncursed ring of fire {unknown}
 O - a +3 ring of strength
 T - an uncursed ring of positive energy
 X - an amulet of the gourmand (around neck)
Wands
 d - a wand of clouds (2)
 h - a wand of iceblast (13)
 j - a wand of flame (14)
 z - a wand of random effects (14)
 K - a wand of enslavement (9)
 U - a wand of polymorph (8)
Scrolls
 g - 3 scrolls of fog
 l - 11 scrolls of remove curse
 p - 5 scrolls of identify
 q - 6 scrolls of magic mapping
 u - 6 scrolls of amnesia
 y - 10 scrolls of teleportation
 H - a scroll of blinking
 R - a scroll of enchant weapon
Potions
 e - 3 potions of flight
 k - 7 potions of brilliance
 n - 2 potions of berserk rage
 r - 5 potions of lignification
 w - a potion of ambrosia
 D - 2 potions of magic
 E - a potion of agility
 J - 6 potions of heal wounds
 Q - 9 potions of curing
Miscellaneous
 N - a fan of gales
 Z - a fan of gales
Comestibles
 f - 42 rations


   Skills:
 * Level 12.3(17.3) Fighting
 * Level 11.3(16.3) Long Blades
 + Level 8.7(13.7) Armour
 + Level 7.9(12.9) Dodging
 + Level 8.6(13.6) Stealth
 * Level 11.4(16.4) Shields
 - Level 1.7 Spellcasting
 + Level 10.8 Invocations


You had 16 spell levels left.
You knew the following spells:

 Your Spells              Type           Power        Failure   Level  Hunger
a - Summon Small Mammal   Summ           #...         34%         1    ##.....

Your spell library contained the following spells:

 Spells                   Type           Power        Failure   Level  Hunger
 Animate Skeleton         Necr           N/A          34%         1    ##.....
 Apportation              Tloc           #.....       34%         1    ##.....
 Confusing Touch          Hex            #.....       34%         1    ##.....


Dungeon Overview and Level Annotations

Branches:
Dungeon (10/15)            Temple (0/1) D:6            Lair (6/6) D:10
  Swamp (3/4) Lair:2       Spider (0/4) Lair:2        Slime (0/5) Lair:6
    Orc (2/2) D:10            Elf (0/3) Orc:2

Altars:
Ashenzari
Dithmenos
Elyvilon
Fedhas
Gozag
Hepliaklqana
Kikubaaqudgha
Nemelex Xobeh
Okawaru
Ru
Trog
Vehumet
Yredelemnul
Zin
Jiyva

Shops:
D:5 *   D:7 *   Orc:1 !   Orc:2 *

Annotations:
Orc:2 Nergalle


Innate Abilities, Weirdness & Mutations

You have claws for feet.
You are completely covered in thin metallic scales. (AC +4, rElec)
A weak demonic guardian rushes to your aid.
You are robust. (+10% HP)
When hurt, damage is shared between your health and your magic reserves.
You regenerate magic rapidly.
You have sharp fingernails.
You have a pair of small horns on your head.
You evolve.


Message History

Your quasit claws the alligator.
Your quasit barely misses the alligator.
Your quasit closely misses the alligator.
Your quasit claws the alligator but does no damage. x2
Roots burst forth from the earth!
The grasping roots grab you!
* * * LOW HITPOINT WARNING * * *
The grasping roots constrict you!! The alligator completely misses you.
You riposte.
You slice the alligator!!
You kill the alligator!
Okawaru accepts your kill.
You have reached level 15!
Your experience leads to an increase in your attributes!
Your base attributes are Str 17, Int 10, Dex 17.
Increase (S)trength, (I)ntelligence, or (D)exterity?
You feel stronger.
Your demonic ancestry asserts itself...
You feel robust.
You escape the roots' grasp.
Roots burst forth from the earth!
The grasping roots grab you!
You die...

≈≈.≈.(.♣♣♣w.≈≈≈ ♣♣♣♣♣
..≈♣♣....≈§≈≈≈. ♣♣♣≈§.♣♣
...≈...≈.≈≈≈≈≈≈.
≈.≈≈≈≈.♣♣≈..... .f§≈≈≈≈≈.
...≈≈≈≈.≈≈≈≈♣ ♣f≈≈(.≈.≈
.)..≈≈≈....♣♣♣♣♣♣.5.."...
≈≈.♣♣.≈≈≈≈.≈♣♣.♣5........
≈≈<♣♣.≈≈≈≈.≈.....#####.##
≈≈)♣♣♣≈≈≈..≈....@# ≈≈.♣
♣♣.≈≈≈...♣..# ≈.≈♣
♣≈≈♣.♣.♣♣..# ≈≈♣♣
♣...♣♣♣♣...# ÷# .♣ .♣♣
♣♣♣♣♣ ♣....# .# .≈. .♣♣
♣♣≈♣....# .#(..≈ ≈≈♣
♣≈≈≈≈≈..####+#.#..≈. .♣♣
♣♣♣♣♣♣≈♣............. ..♣
♣≈.≈..≈♣♣........♣.≈≈


You could see 2 shambling mangroves and 2 friendly quasits.

Vanquished Creatures
  2 catoblepae (Lair:6)
  6 hydras
  A centaur warrior (D:8)
  2 shambling mangroves
  9 alligators
  A two-headed ogre (D:10)
  The ghost of losten the Basher, a novice HOFi of Okawaru (D:9)
  A merfolk avatar (Lair:6)
  An orc high priest (Orc:1)
  An unseen horror (D:10)
  A swamp dragon (Swamp:2)
  A spriggan druid (Swamp:2)
  A harpy (Lair:6)
  Pikel (D:8)
  2 orc knights
  A necromancer (Lair:3)
  2 orc sorcerers (Orc:1)
  A cyclops (D:8)
  30 elephants
  Maurice (D:8)
  3 black mambas
  15 spiny frogs
  3 rime drakes (Lair:6)
  9 komodo dragons
  4 polar bears (Lair:6)
  A troll (shapeshifter) (D:8)
  3 trolls
  7 hornets
  6 tyrant leeches
  3 slime creatures (Swamp:3)
  22 blink frogs
  10 hippogriffs
  6 bog bodies
  Prince Ribbit (D:6)
  2 wind drakes (Lair:6)
  25 yaks
  5 spriggans
  A wyvern (D:10)
  A basilisk (Lair:1)
  A hungry ghost (D:7)
  2 vampire mosquitoes (Swamp:1)
  9 swamp worms
  2 wargs
  3 insubstantial wisps (Swamp:3)
  12 water moccasins
  9 porcupines
  4 swamp drakes
  2 black bears
  5 sky beasts
  17 orc warriors
  2 ice beasts
  2 necrophages
  3 ogres
  4 phantoms
  15 wolves
  An eye of draining (D:8)
  6 centaurs
  9 crocodiles
  A big kobold (D:10)
  A gnoll sergeant (D:8)
  11 bullfrogs
  2 scorpions
  7 killer bees
  10 wights
  7 howler monkeys
  3 electric eels (D:10)
  A centaur zombie (D:5)
  3 crimson imps
  A jelly (D:6)
  Crazy Yiuf (D:6)
  5 orc priests
  7 hounds (D:10)
  8 orc wizards
  Natasha (twice) (D:3)
  2 bullfrog skeletons
  An iguana (D:7)
  11 worker ants
  2 polar bear simulacra (Lair:3)
  4 hell rats (Lair:6)
  3 wolf simulacra (Lair:3)
  4 yak simulacra (Lair:3)
  A hound skeleton (D:5)
  3 gnolls (D:8)
  7 adders
  A shadow imp (D:9)
  2 oozes
  6 worms
  4 leopard geckos
  42 orcs
  7 giant cockroaches
  4 hobgoblins
  14 jackals
  12 kobolds
  A quokka (D:6)
  A ball python (D:5)
  6 bats
  4 goblins
  A quokka zombie (D:7)
  9 rats
  2 river rat simulacra (Lair:3)
525 creatures vanquished.

Vanquished Creatures (collateral kills)
  3 two-headed ogres (D:9)
  3 elephants
  A spiny frog (Lair:2)
  2 blink frogs (Lair:5)
  2 hippogriffs
  Grum (D:8)
  A basilisk (Lair:3)
  A vampire mosquito (Swamp:1)
  An orc warrior (Orc:2)
  A crocodile (Lair:5)
  A wight (D:9)
  A crimson imp (D:9)
  An orc priest (D:9)
  A shadow imp (D:10)
  5 orcs
  A kobold (D:10)
26 creatures vanquished.

Vanquished Creatures (others)
  A komodo dragon (Swamp:2)
  A vampire mosquito (Swamp:1)
  A crimson imp (D:8)
  A hound (D:10)
  An orc wizard (D:9)
  A bush (Lair:3)
  2 fungi (Lair:6)
  11 plants (Lair:6)
19 creatures vanquished.

Grand Total: 570 creatures vanquished

Notes
Turn   | Place    | Note
-------+----------+-------------------------------------------
     0 | D:1      | Allula97 the Demonspawn Fighter began the quest for the
                  | Orb.
     0 | D:1      | Reached XP level 1. HP: 18/18 MP: 1/1
   300 | D:1      | Gained mutation: You have sharp toenails. [demonic
                  | ancestry]
   300 | D:1      | Reached XP level 2. HP: 19/24 MP: 2/2
   912 | D:2      | Found an iron altar of Okawaru.
   912 | D:2      | Found a basalt altar of Yredelemnul.
   917 | D:2      | Became a worshipper of Warmaster Okawaru
  1217 | D:2      | Found a faded altar of an unknown god.
  1489 | D:2      | Gained mutation: You are partially covered in thin metallic
                  | scales. (AC +2) [demonic ancestry]
  1489 | D:2      | Reached XP level 3. HP: 29/29 MP: 3/3
  1595 | D:3      | Noticed Natasha
  1602 | D:3      | Killed Natasha
  1602 | D:3      | Reached skill level 1 in Dodging
  1602 | D:3      | Reached skill level 1 in Stealth
  1682 | D:3      | Gained mutation: You have razor-sharp toenails. [demonic
                  | ancestry]
  1682 | D:3      | Reached XP level 4. HP: 31/35 MP: 4/4
  2037 | D:3      | Noticed Natasha
  2045 | D:3      | Killed Natasha
  2091 | D:3      | Reached XP level 5. HP: 40/42 MP: 5/5
  2240 | D:3      | Found a white marble altar of Elyvilon.
  2316 | D:3      | Found a bloodstained altar of Trog.
  2664 | D:4      | Gained mutation: Armour fits poorly on your strangely
                  | shaped body. [potion of mutation]
  2664 | D:4      | Gained mutation: You are somewhat resistant to further
                  | mutation. [potion of mutation]
  3127 | D:4      | Noticed a phantom
  3136 | D:4      | Reached * piety under Okawaru
  3136 | D:4      | Reached skill level 4 in Fighting
  3136 | D:4      | Gained mutation: When hurt, damage is shared between your
                  | health and your magic reserves. [demonic ancestry]
  3136 | D:4      | Reached XP level 6. HP: 43/48 MP: 6/6
  3578 | D:5      | Entered Level 5 of the Dungeon
  3624 | D:5      | Found Jumu's Elemental Accessories.
  3632 | D:5      | Bought a wand of iceblast (9) for 130 gold pieces
  3779 | D:5      | Reached XP level 7. HP: 47/55 MP: 7/7
  3890 | D:5      | Found a hazy altar of Hepliaklqana.
  4378 | D:6      | Reached skill level 1 in Invocations
  4418 | D:6      | Reached ** piety under Okawaru
  4428 | D:6      | Found a staircase to the Ecumenical Temple.
  4522 | D:6      | Found an opulent altar of Gozag.
  4523 | D:6      | Found a glowing silver altar of Zin.
  4601 | D:6      | Noticed Prince Ribbit
  4757 | D:6      | Found a runed translucent door.
  4758 | D:6      | Noticed Crazy Yiuf
  4768 | D:6      | Killed Crazy Yiuf
  4768 | D:6      | Reached skill level 5 in Fighting
  5024 | D:6      | Gained mutation: You have claws for feet. [demonic
                  | ancestry]
  5024 | D:6      | Reached XP level 8. HP: 56/62 MP: 9/9
  5289 | D:6      | Killed Prince Ribbit
  5289 | D:6      | Reached *** piety under Okawaru
  5361 | D:7      | Reached skill level 5 in Shields
  5662 | D:7      | Found Worghi's General Store.
  5672 | D:7      | Bought a scroll of identify for 24 gold pieces
  5913 | D:7      | Reached skill level 6 in Fighting
  5920 | D:7      | Reached skill level 5 in Long Blades
  5926 | D:7      | Reached XP level 9. HP: 29/69 MP: 4/11
  6132 | D:7      | Reached skill level 5 in Armour
  6140 | D:7      | Reached **** piety under Okawaru
  6731 | D:8      | Noticed Grum
  6742 | D:8      | Noticed a centaur warrior
  6762 | D:8      | Killed a centaur warrior
  6762 | D:8      | Reached skill level 7 in Fighting
  6762 | D:8      | Gained mutation: A weak demonic guardian rushes to your
                  | aid. [demonic ancestry]
  6762 | D:8      | Reached XP level 10. HP: 19/79 MP: 4/13
  6852 | D:8      | Found a hazy altar of Hepliaklqana.
  6852 | D:8      | Found a glowing silver altar of Zin.
  6852 | D:8      | Noticed a cyclops
  7148 | D:8      | Noticed Maurice
  7161 | D:8      | Killed Maurice
  7161 | D:8      | Reached skill level 5 in Invocations
  7413 | D:8      | Noticed Pikel
  7419 | D:8      | Noticed a guardian serpent
  7420 | D:8      | Noticed a salamander
  7420 | D:8      | a guardian serpent changed into a salamander
  7422 | D:8      | Killed Pikel
  7422 | D:8      | Reached ***** piety under Okawaru
  7429 | D:8      | a salamander changed into an eye of draining
  7437 | D:8      | Killed a cyclops
  7447 | D:8      | Killed Grum
  8298 | D:9      | Found a large runed translucent door.
  8298 | D:9      | Found a large runed translucent door.
  8300 | D:9      | Noticed losten's ghost (novice HOFi)
  8415 | D:9      | Found an ancient bone altar of Kikubaaqudgha.
  8450 | D:9      | Noticed a two-headed ogre
  8487 | D:9      | Killed a two-headed ogre
  8487 | D:9      | Reached skill level 5 in Stealth
  8634 | D:9      | Noticed a two-headed ogre
  8641 | D:9      | Killed a two-headed ogre
  8641 | D:9      | Received a gift from Okawaru
  8641 | D:9      | Received a gift from Okawaru
  8641 | D:9      | Reached skill level 8 in Fighting
  9334 | D:9      | Found a shadowy altar of Dithmenos.
  9410 | D:9      | Found a shattered altar of Ashenzari.
  9410 | D:9      | Found a blossoming altar of Fedhas.
  9411 | D:9      | Found a sacrificial altar of Ru.
  9444 | D:9      | Noticed a two-headed ogre
  9450 | D:9      | Killed a two-headed ogre
  9450 | D:9      | Gained mutation: You regenerate magic rapidly. [demonic
                  | ancestry]
  9450 | D:9      | Reached XP level 11. HP: 66/86 MP: 11/15
  9554 | D:9      | Killed losten's ghost
  9596 | D:10     | Entered Level 10 of the Dungeon
  9599 | D:10     | Noticed a two-headed ogre
  9612 | D:10     | Killed a two-headed ogre
  9612 | D:10     | Reached skill level 5 in Dodging
 10011 | D:10     | Killed an unseen horror
 10064 | D:10     | Found a staircase to the Orcish Mines.
 10168 | D:10     | Found a sparkling altar of Nemelex Xobeh.
 11225 | D:10     | Reached skill level 9 in Fighting
 11324 | D:10     | Found a staircase to the Lair.
 11326 | D:10     | Received a gift from Okawaru
 11327 | D:10     | Got a brightly glowing scimitar {god gift}
 11348 | D:10     | Identified the +9 scimitar of Tezul {slice, rPois rF+}
                  | (Okawaru gifted it to you on level 10 of the Dungeon)
 11824 | Orc:1    | Entered Level 1 of the Orcish Mines
 11830 | Orc:1    | Noticed an orc knight
 11831 | Orc:1    | Noticed an orc sorcerer
 11833 | Orc:1    | Noticed an orc sorcerer
 12091 | D:10     | Killed an orc knight
 12266 | Orc:1    | Killed an orc sorcerer
 12497 | Orc:1    | Killed an orc sorcerer
 12497 | Orc:1    | Reached ****** piety under Okawaru
 12613 | Orc:1    | You fall into a shaft and drop 1 floor!
 12613 | Orc:2    | Entered Level 2 of the Orcish Mines
 12653 | Orc:2    | Found Yxihot's General Store.
 12760 | Orc:2    | Noticed Nergalle
 12822 | Orc:2    | Noticed an orc knight
 12845 | Orc:2    | Killed an orc knight
 12845 | Orc:2    | Gained mutation: You are mostly covered in thin metallic
                  | scales. (AC +3) [demonic ancestry]
 12845 | Orc:2    | Reached XP level 12. HP: 89/95 MP: 14/17
 12936 | Orc:1    | Found Peamutsa's Distillery.
 12989 | Orc:1    | Bought a potion of heal wounds for 80 gold pieces
 12989 | Orc:1    | Bought a potion of flight for 48 gold pieces
 12989 | Orc:1    | Bought a potion of heal wounds for 80 gold pieces
 12989 | Orc:1    | Bought a potion of mutation for 128 gold pieces
 12989 | Orc:1    | Bought a potion of mutation for 128 gold pieces
 12989 | Orc:1    | Bought a potion of mutation for 128 gold pieces
 12991 | Orc:1    | Lost mutation: Armour fits poorly on your strangely shaped
                  | body. [potion of mutation]
 12991 | Orc:1    | Lost mutation: You are somewhat resistant to further
                  | mutation. [potion of mutation]
 12991 | Orc:1    | Gained mutation: You are frail. (-10% HP) [potion of
                  | mutation]
 12991 | Orc:1    | Gained mutation: Your body sometimes deteriorates upon
                  | taking damage. [potion of mutation]
 12991 | Orc:1    | Gained mutation: You have a beak for a mouth. [potion of
                  | mutation]
 12991 | Orc:1    | Lost mutation: You are frail. (-10% HP) [potion of
                  | mutation]
 12992 | Orc:1    | Lost mutation: Your body sometimes deteriorates upon taking
                  | damage. [potion of mutation]
 12992 | Orc:1    | Lost mutation: You have a beak for a mouth. [potion of
                  | mutation]
 12992 | Orc:1    | Gained mutation: Scrolls take you a little longer to read.
                  | [potion of mutation]
 12992 | Orc:1    | Gained mutation: You have sharp fingernails. [potion of
                  | mutation]
 12992 | Orc:1    | Gained mutation: Scrolls take you longer to read. [potion
                  | of mutation]
 12992 | Orc:1    | Gained mutation: You can translocate small distances at
                  | will. [potion of mutation]
 12993 | Orc:1    | Lost mutation: You can translocate small distances at will.
                  | [potion of mutation]
 12993 | Orc:1    | Lost mutation: Scrolls take you longer to read. [potion of
                  | mutation]
 12993 | Orc:1    | Lost mutation: Scrolls take you a little longer to read.
                  | [potion of mutation]
 12993 | Orc:1    | Gained mutation: You are frail. (-10% HP) [potion of
                  | mutation]
 12993 | Orc:1    | Lost mutation: You are frail. (-10% HP) [potion of
                  | mutation]
 12993 | Orc:1    | Gained mutation: You evolve. [potion of mutation]
 12993 | Orc:1    | Gained mutation: You have a pair of small horns on your
                  | head. [potion of mutation]
 13133 | Orc:2    | Noticed an orc high priest
 13169 | Orc:1    | Killed an orc high priest
 13225 | Orc:2    | Found a staircase to the Elven Halls.
 13384 | Lair:1   | Entered Level 1 of the Lair of Beasts
 13590 | Lair:1   | You fall into a shaft and drop 1 floor!
 13613 | Lair:2   | Received a gift from Okawaru
 14437 | Lair:2   | Found a hole to the Spider Nest.
 14680 | Lair:2   | Found a staircase to the Swamp.
 15085 | Lair:3   | Reached skill level 10 in Fighting
 15414 | Lair:3   | Received a gift from Okawaru
 16098 | Lair:4   | Gained mutation: You are completely covered in thin
                  | metallic scales. (AC +4, rElec) [demonic ancestry]
 16098 | Lair:4   | Reached XP level 13. HP: 82/103 MP: 19/19
 16379 | Lair:4   | Got an ancient scale mail
 16386 | Lair:4   | Identified the +2 scale mail of the Harvest Moon {Int+2
                  | Dex+6} (You found it on level 4 of the Lair of Beasts)
 16827 | Lair:5   | Found a radiant altar of Vehumet.
 17062 | Lair:5   | Reached skill level 10 in Shields
 17200 | Lair:5   | Received a gift from Okawaru
 17564 | Lair:6   | Entered Level 6 of the Lair of Beasts
 17582 | Lair:6   | Reached skill level 11 in Fighting
 17583 | Lair:6   | Reached skill level 10 in Long Blades
 17805 | Lair:6   | Paralysed by a hornet for 2 turns
 17906 | Lair:5   | Received a gift from Okawaru
 17911 | Lair:5   | Got a slimy chain mail {god gift}
 17933 | Lair:5   | Identified the +1 chain mail of Okawaru's Fury {rN++ Str+6
                  | Int-3} (Okawaru gifted it to you on level 5 of the Lair of
                  | Beasts)
 18021 | Lair:5   | Reached XP level 14. HP: 47/112 MP: 14/21
 18162 | Lair:6   | Reached skill level 10 in Invocations
 18300 | Lair:6   | Found a staircase to the Slime Pits.
 18300 | Lair:6   | Found a viscous altar of Jiyva.
 18407 | Lair:6   | Identified a +2 pair of boots of running (You found it on
                  | level 6 of the Lair of Beasts)
 19841 | Swamp:1  | Entered Level 1 of the Swamp
 19983 | Swamp:1  | Received a gift from Okawaru
 19998 | Swamp:1  | Got an aquamarine-encrusted plate armour {god gift}
 20001 | Swamp:1  | Identified the +1 plate armour "Vaobleon" {Int+3 Dex+5}
                  | (Okawaru gifted it to you on level 1 of the Swamp)
 20530 | Swamp:1  | Reached skill level 1 in Spellcasting
 20538 | Swamp:1  | Reached skill level 12 in Fighting
 20853 | Swamp:1  | Learned a level 1 spell: Summon Small Mammal
 22242 | Swamp:3  | HP: 3/116 [shambling mangrove (22)]
 22242 | Swamp:3  | Gained mutation: You are robust. (+10% HP) [demonic
                  | ancestry]
 22242 | Swamp:3  | Reached XP level 15. HP: 3/134 MP: 1/23
 22243 | Swamp:3  | Mangled by a shambling mangrove

Levels and vault maps discovered:
D:1:      eino_arrival_cavern_a, layout_loops_ring, minivault_4
D:2:      layout_basic, gammafunk_temple_overflow_statue, first_ration,
          chequers_ecumenical_altar_simple_redux
D:3:      layout_loops_ring, nicolae_overflow_hidden_temple, elyvilon_altar_4,
          uniq_natasha
D:4:      layout_cave_pods, bh_walls_and_bars
D:5:      layout_basic, marbit_many_paths, nicolae_elemental_shop
D:6:      layout_basic, grunt_temple_overflow_gold_and_silver,
          minmay_temple_entry_grid, uniq_crazy_yiuf_cottage, uniq_prince_ribbit1
D:7:      layout_basic, serial_shops, shop
D:8:      layout_basic, jmf_multi_god_temple, uniq_pikel, uniq_maurice,
          uniq_grum
D:9:      layout_stronghold, overflow_temple_1_default, lemuel_round_altar,
          gammafunk_temple_overflow_claw, ebering_ghost_disaster_area
D:10:     layout_loops_corners, erik_lair_island, orc_0_dummy, basic_altar,
          the_bakery, st_stairs_11
Lair:1:   layout_small_grid
Lair:2:   layout_layer_cave, skrybe_swamp_entry_bodies,
          nicolae_spider_entry_non_spiders, st_stairs_7
Lair:3:   layout_big_grid, eino_house_with_fridge
Lair:4:   layout_gridlike
Lair:5:   layout_cave_pods, basic_altar, serial_bayou_pond_e,
          beast_lair_carwin_8
Lair:6:   gammafunk_lair_ancient_temple, layout_hall_layers, slime_altar_1,
          serial_bayou_shore_b
Swamp:1:  layout_basic_swamp, evilmike_swamp_ruin_house_4
Swamp:2:  layout_basic_swamp, nicolae_swamp_very_dense_foliage
Swamp:3:  layout_basic_swamp, evilmike_swamp_ruin_house_1, swamp_pool4
Orc:1:    layout_diamond_mine, serial_shops, nicolae_shop_stone
Orc:2:    grunt_orc_cross, layout_caves, serial_shops, shop, minmay_orc_barracks

Skill      XL: |  1  2  3  4  5  6  7  8  9 10 11 12 13 14 |
---------------+-------------------------------------------+-----
Long Blades    | 2 3 4 5 6 7 8 9 10 11 | 11.3
Armour         | 3 4 5 6 7 8 |  8.7
Dodging        | 1 2 3 4 5 6 7 |  7.9
Stealth        | 1 2 3 4 5 6 7 8 |  8.6
Shields        | 3 4 5 6 7 8 9 10 11 | 11.4
Fighting       | 4 5 6 7 8 9 10 11 12 | 12.3
Invocations    | 2 3 4 6 7 8 9 10 | 10.8
Spellcasting   | 1 |  1.7

Action                   |  1- 3 |  4- 6 |  7- 9 | 10-12 | 13-15 || total
-------------------------+-------+-------+-------+-------+-------++-------
Melee: Long sword        |   111 |   165 |   333 |   314 |       ||   923
       Kick              |       |    40 |   111 |   309 |   316 ||   776
       Scimitar          |       |       |       |   427 |   371 ||   798
       Headbutt          |       |       |       |    61 |   188 ||   249
       Demon blade       |       |       |       |       |   282 ||   282
Throw: Boomerang         |       |       |       |       |     1 ||     1
Invok: Heroism           |       |     1 |     2 |     2 |     6 ||    11
       Finesse           |       |       |       |     1 |     4 ||     5
Evoke: Wand              |       |       |       |    18 |    12 ||    30
       Fan of gales      |       |       |       |       |     1 ||     1
  Use: Potion            |       |     5 |     4 |     7 |     4 ||    20
       Scroll            |       |     5 |     9 |     8 |    18 ||    40
 Stab: Distracted        |       |     1 |       |     5 |    10 ||    16
       Sleeping          |       |       |     1 |     2 |    13 ||    16
  Eat: Chunk             |     3 |     7 |    11 |    27 |    29 ||    77
       Ration            |       |       |       |     1 |       ||     1
Armor: Scale mail        |    68 |    61 |   104 |     5 |       ||   238
       Skin              |       |     3 |       |       |       ||     3
       Chain mail        |       |       |       |   120 |       ||   120
       Troll leather arm |       |       |       |    77 |   197 ||   274
Dodge: Dodged            |    28 |    39 |   182 |   444 |   605 ||  1298
Block: Shield            |    53 |    85 |   181 |   436 |   520 ||  1275
       Rpst.: Long sword |     6 |     9 |    60 |    41 |       ||   116
       Scimitar          |       |       |       |    63 |    47 ||   110
       Demon blade       |       |       |       |       |    80 ||    80

Table legend:
 A = Non-vault XP
 B = Vault XP
 C = Vault XP percentage of total XP
 D = Non-vault monster count
 E = Vault monster count
 F = Vault count percentage of total count
                 A         B        C        D         E       F
            +---------+---------+-------+---------+---------+-------
      Total |   82951 |   20128 |  19.5 |     471 |      83 |  15.0
            +---------+---------+-------+---------+---------+-------
        D:1 |      17 |       0 |   0.0 |      11 |       0 |   0.0
        D:2 |      33 |       0 |   0.0 |      12 |       0 |   0.0
        D:3 |     129 |      37 |  22.3 |      26 |       1 |   3.7
        D:4 |     312 |       0 |   0.0 |      17 |       0 |   0.0
        D:5 |     293 |       0 |   0.0 |      12 |       0 |   0.0
        D:6 |     720 |     296 |  29.1 |      14 |       2 |  12.5
        D:7 |    1788 |       0 |   0.0 |      32 |       0 |   0.0
        D:8 |     868 |    3423 |  79.8 |      11 |      10 |  47.6
        D:9 |    3449 |     868 |  20.1 |      27 |       1 |   3.6
       D:10 |    5055 |    1018 |  16.8 |      54 |      11 |  16.9
     Lair:1 |    1298 |       0 |   0.0 |       7 |       0 |   0.0
     Lair:2 |    3076 |     817 |  21.0 |      19 |      10 |  34.5
     Lair:3 |    4765 |     889 |  15.7 |      18 |      12 |  40.0
     Lair:4 |    5127 |       0 |   0.0 |      22 |       0 |   0.0
     Lair:5 |    8996 |    4068 |  31.1 |      32 |      10 |  23.8
     Lair:6 |   17261 |    7791 |  31.1 |      55 |      22 |  28.6
    Swamp:1 |    8901 |       0 |   0.0 |      23 |       0 |   0.0
    Swamp:2 |    7221 |       0 |   0.0 |      19 |       0 |   0.0
    Swamp:3 |    8959 |       0 |   0.0 |      22 |       0 |   0.0
      Orc:1 |    3885 |       0 |   0.0 |      23 |       0 |   0.0
      Orc:2 |     798 |     921 |  53.6 |      15 |       4 |  21.1
            +---------+---------+-------+---------+---------+-------
